 Dungeon Crawl Stone Soup version 0.18.1-1-g2f07953 (webtiles) character file.

413 pipel the Chopper (level 6, -2/56 HPs)
             Began as a Hill Orc Berserker on May 6, 2016.
             Was a Priest of Trog.
             Slain by an ogre
             ... wielding a +0 giant club
              (6 damage)
             ... on level 4 of the Dungeon.
             The game lasted 00:05:52 (2809 turns).

pipel the Chopper (Hill Orc Berserker)              Turns: 2809, Time: 00:05:53

Health: -2/56      AC:  3    Str: 22    XL:     6   Next: 90%
Magic:  6/6        EV:  8    Int:  7    God:    Trog [***...]
Gold:   175        SH: 15    Dex: 10    Spells: 0 memorised, 5 levels left

rFire  . . .     SeeInvis .     a - +0 hand axe
rCold  . . .     Gourm    .     b - +0 animal skin
rNeg   . . .     Faith    .     f - +2 large shield
rPois  .         Spirit   .     (no helmet)
rElec  .         Dismiss  .     (no cloak)
rCorr  .         Reflect  .     g - +0 pair of gloves
SustAt .         Harm     .     (no boots)
MR     .....                    (no amulet)
Stlth  +.........               (no ring)
                                (no ring)

@: drained, not resistant to hostile enchantments, very unstealthy
A: no striking features
a: Berserk, Trog's Hand, Burn Spellbooks, Renounce Religion


You were on level 4 of the Dungeon.
You worshipped Trog.
Trog was most pleased with you.
You were not hungry.

You visited 1 branch of the dungeon, and saw 4 of its levels.

You collected 175 gold pieces.

Inventory:

Hand Weapons
 a - a +0 hand axe (weapon)
Armour
 b - a +0 animal skin (worn)
 f - a +2 large shield (worn)
 g - a +0 pair of gloves (worn)
 n - a +0 scale mail
Wands
 d - a wand of polymorph (13/24)
Scrolls
 h - 2 scrolls of blinking {unknown}
 i - a scroll of remove curse {unknown}
 j - a scroll of magic mapping {unknown}
 k - 3 scrolls of amnesia {unknown}
 q - a scroll of identify {unknown}
 r - a scroll of immolation {unknown}
Potions
 e - 2 potions of invisibility {unknown}
 m - a potion of degeneration
 o - a potion of brilliance {unknown}
 p - a potion of flight
 t - a potion of curing
Comestibles
 c - 2 bread rations
 l - 2 beef jerkies
 s - a chunk of flesh


   Skills:
 + Level 5.3(5.2) Fighting
 + Level 5.7(5.5) Axes
 + Level 2.4(2.3) Armour
 + Level 3.6(3.5) Dodging
 + Level 2.9(2.8) Shields


You had 5 spell levels left.
You didn't know any spells.

Dungeon Overview and Level Annotations

Branches:
Dungeon (4/15)
 Temple: D:4-7

Altars:
Makhleb
Ru
Trog
The Shining One


Message History

The ogre is moderately wounded.
The ogre hits you with a giant club!!
You take 24 damage, and have 32/56 hp.
MASSIVE DAMAGE!!
You slash the ogre!
The ogre is heavily wounded.
The ogre hits you with a giant club!!
* * * LOW HITPOINT WARNING * * *
You take 23 damage, and have 9/56 hp.
MASSIVE DAMAGE!!
You are too injured to fight recklessly!
You are too injured to fight recklessly!
You are too injured to fight recklessly!
You hit the ogre.
The ogre is severely wounded.
The ogre hits you with a giant club.
* * * LOW HITPOINT WARNING * * *
You take 6 damage, and have 3/56 hp.
You hit the ogre.
The ogre is almost dead.
The ogre hits you with a giant club.
You die...

### #####
#..(.#.#
<.###...###
#.####.#
#.........###.#
#.#
#.........'...#
#.#
##........#####
#.# #........#
###.###.#
#........#
#.......#
##.....###
#.#.#####.#
#######
#@#.......#
#O######### #.#
..# ###


You could see an ogre.

Vanquished Creatures
  3 wights (D:3)
  A hound (D:2)
  An orc wizard (D:3)
  Ijyb (D:3)
  Natasha (thrice) (D:3)
  4 adders
  2 oozes
  3 worms
  A dart slug (D:1)
  2 giant geckos
  3 orcs (D:3)
  6 giant cockroaches
  6 goblins
  6 hobgoblins
  4 jackals (D:3)
  8 kobolds
  A quokka (D:3)
  A ball python (D:2)
  7 bats
  7 giant newts
  11 rats
81 creatures vanquished.

Vanquished Creatures (others)
  A wizard (D:3)
1 creature vanquished.

Grand Total: 82 creatures vanquished

Notes
Turn   | Place    | Note
--------------------------------------------------------------
     0 | D:1      | pipel the Hill Orc Berserker began the quest for the Orb.
     0 | D:1      | Reached XP level 1. HP: 19/19 MP: 1/1
    92 | D:1      | Reached XP level 2. HP: 8/27 MP: 2/2
   350 | D:2      | Found a burning altar of Makhleb.
   357 | D:2      | Reached XP level 3. HP: 9/34 MP: 3/3
   458 | D:2      | Reached XP level 4. HP: 18/41 MP: 4/4
   527 | D:2      | Reached ** piety under Trog
   527 | D:2      | Reached skill level 5 in Axes
   568 | D:2      | Found a sacrificial altar of Ru.
  1728 | D:3      | Reached XP level 5. HP: 38/47 MP: 5/5
  1729 | D:3      | Noticed Natasha
  1743 | D:3      | Killed Natasha
  1743 | D:3      | Reached skill level 5 in Fighting
  1769 | D:2      | HP: 2/48 [giant newt (2)]
  1895 | D:3      | Noticed Natasha
  1898 | D:3      | Noticed Ijyb
  1902 | D:3      | Killed Natasha
  1907 | D:3      | Reached skill level 1 in Shields
  1913 | D:3      | Reached *** piety under Trog
  1913 | D:3      | Reached XP level 6. HP: 39/56 MP: 6/6
  1920 | D:3      | Killed Ijyb
  1966 | D:3      | Noticed Natasha
  2028 | D:2      | Found a burning altar of Makhleb.
  2180 | D:2      | Found a sacrificial altar of Ru.
  2393 | D:3      | Found a bloodstained altar of Trog.
  2396 | D:3      | Noticed a wizard
  2402 | D:3      | Killed a wizard
  2461 | D:3      | Killed Natasha
  2538 | D:3      | Found a glowing golden altar of the Shining One.
  2809 | D:4      | Slain by an ogre

Skill      XL: |  1  2  3  4  5  6 |
---------------+-------------------+-----
Fighting       | 4 5 |  5.3
Dodging        | 2 3 |  3.6
Axes           | 5 |  5.7
Shields        | 1 2 |  2.9
Armour         | |  2.4

Action                   |  1- 3 |  4- 6 || total
-------------------------+-------+-------++-------
Melee: Hand axe          |    50 |   223 ||   273
Invok: Berserk           |     3 |     3 ||     6
       Trog's Hand       |       |     1 ||     1
  Use: Potion            |       |     5 ||     5
  Eat: Chunk             |     1 |    12 ||    13
Armor: Animal skin       |    10 |    34 ||    44
       Skin              |       |    10 ||    10
Dodge: Dodged            |    26 |    57 ||    83
Block: Large shield      |       |   154 ||   154
